 Dungeon Crawl Stone Soup version 0.31.0-11-ge490571c62 (webtiles) character file.

Game seed: 8991451944835282024

401 Gadfly the Insei (level 6, 0/52 HPs)
             Began as a Demonspawn Monk on Feb 3, 2024.
             Killed by divine providence
             ... invoked by an orc priest
              (13 damage)
             ... on level 3 of the Dungeon.
             The game lasted 00:03:27 (2617 turns).

Gadfly the Insei (Demonspawn Monk)                  Turns: 2617, Time: 00:03:27

Health: 0/52       AC:  4    Str: 13    XL:     6   Next: 54%
Magic:  6/6        EV: 14    Int: 11    God:
Gold:   162        SH:  0    Dex: 15    Spells: 5/5 levels left

rFire   . .          .
                       - Unarmed
rCold   . . .        c - orb {light}
rNeg    . . .        a - +0 robe
rPois   .            (no helmet)
rElec   .            (no cloak)
rCorr   .            (no gloves)
SInv    .            d - +0 pair of boots
Will    .....        (no amulet)
Stlth   +            (no ring)
HPRegen 0.28/turn    (no ring)
MPRegen 0.10/turn

%: no passive effects
@: glowing
A: rugged brown scales 1, spiny 1
a: no special abilities


You were on level 3 of the Dungeon.
You visited 1 branch of the dungeon, and saw 3 of its levels.
You also visited: Sewer.

You collected 162 gold pieces.

Inventory:

Hand Weapons
 b - a +1 short sword of draining
 f - a +0 flail of protection
Armour
 a - a +0 robe (worn)
 c - an orb of light (worn)
 d - a +0 pair of boots (worn)
Scrolls
 e - a scroll of identify
 h - a scroll of immolation {unknown}
 k - a scroll of fear {unknown}
Potions
 g - a potion of curing {unknown}
 i - a potion of mutation
 j - a potion of ambrosia


   Skills:
 - Level 5.0 Fighting
 + Level 4.9 Dodging
 - Level 6.0 Unarmed Combat
 * Level 4.7 Evocations
 * Level 5.1 Shapeshifting


You had 5 spell levels left.
You didn't know any spells.
Your spell library contained the following spells:

 Spells                   Type           Power      Damage    Failure   Level
 Inner Flame              Hex/Fire       0%         N/A       71%         3
 Irradiate                Conj/Alch      0%         3d11      100%        5
 Ignition                 Fire           0%         3d3       100%        8


Dungeon Overview and Level Annotations

Branches:
Dungeon (3/15)              Sewer (visited)

Altars:
Kikubaaqudgha
Nemelex Xobeh


Innate Abilities, Weirdness & Mutations

You are partially covered in rugged brown scales. (AC +1, +3% HP)
You are partially covered in sharp spines.


Message History

The orc priest begins to cast a cantrip, but forgets the words!
You hit the orc priest but do no damage.
The orc priest is lightly wounded.
The orc priest hits you with a +0 whip.
You hit the orc priest.
The orc priest is moderately wounded.
The orc priest calls upon Beogh to heal the orc priest.
The orc priest's wounds heal themselves!
The orc priest is struck by your spines.
The orc priest closely misses you.
You hit the orc priest but do no damage.
The orc priest is lightly wounded.
The orc priest looks encouraged for a moment.
You hit the orc priest.
The orc priest is moderately wounded.
There are monsters nearby!
There are monsters nearby!
You hit the orc priest.
The orc priest is severely wounded.
The orc priest hits you with a +0 war axe.
The orc priest is struck by your spines.
The orc priest barely misses you.
Unknown command.
You hit the orc priest.
The orc priest is severely wounded.
The orc priest hits you with a +0 war axe!
The orc priest invokes the aid of Beogh against you.
Beogh smites you!
* * * LOW HITPOINT WARNING * * *
You hit the orc priest but do no damage.
The orc priest is struck by your spines.
The orc priest barely misses you.
The orc priest is struck by your spines.
The orc priest closely misses you.
Unknown command.
You hit the orc priest but do no damage.
The orc priest is moderately wounded.
The orc priest mumbles some strange prayers to Beogh against you.
Beogh smites you!
You die...

+#'#####.# #....#.#.#...##...###
.......#.####....................
........$...._...................
.................................
.......#.####....................
.......#.####....................
.......+.......).................
#..###.................... .
#...@o..........[....
#...o..........).....
.#....................
......................
###....................
#....................
#....................
#....................
#.....)..............


You could see 2 orc priests.

Vanquished Creatures
  2 bullfrogs (Sewer)
  An orc priest (D:3)
  3 adders
  3 river rats (D:3)
  A white imp (D:3)
  13 dart slugs
  A ribbon worm (D:3)
  2 orcs (D:3)
  17 endoplasms
  15 giant cockroaches
  5 hobgoblins
  4 jackals (D:2)
  A quokka (D:3)
  11 ball pythons
  2 bats
  15 frilled lizards
  8 kobolds
  6 rats
110 creatures vanquished.

Notes
Turn   | Place    | Note
-------+----------+-------------------------------------------
     0 | D:1      | Gadfly the Demonspawn Monk began the quest for the Orb.
     0 | D:1      | Reached XP level 1. HP: 18/18 MP: 1/1
   200 | D:1      | Gained mutation: You are partially covered in sharp spines.
                  | [demonic ancestry]
   200 | D:1      | Reached XP level 2. HP: 24/24 MP: 2/2
   395 | D:1      | Reached skill level 1 in Evocations
   467 | D:2      | Reached skill level 3 in Unarmed Combat
   714 | D:2      | Reached skill level 1 in Shapeshifting
   779 | D:2      | Gained mutation: You are partially covered in rugged brown
                  | scales. (AC +1, +3% HP) [demonic ancestry]
   779 | D:2      | Reached XP level 3. HP: 24/29 MP: 3/3
  1421 | D:2      | Reached skill level 5 in Fighting
  1421 | D:2      | Reached skill level 6 in Unarmed Combat
  1421 | D:2      | Reached XP level 4. HP: 40/40 MP: 4/4
  1607 | D:3      | Found a sparkling altar of Nemelex Xobeh.
  1848 | D:3      | Reached XP level 5. HP: 41/45 MP: 5/5
  1858 | D:3      | Found a glowing drain.
  1864 | Sewer    | Entered a sewer
  2258 | Sewer    | Reached skill level 5 in Shapeshifting
  2258 | Sewer    | Reached XP level 6. HP: 34/52 MP: 6/6
  2384 | D:3      | Found an ancient bone altar of Kikubaaqudgha.
  2617 | D:3      | Killed from afar by an orc priest

Illustrated notes

Levels and vault maps discovered:
D:1:      minmay_arrival_pointy, layout_rooms
D:2:      layout_loops_corners, lexackson_kobold_supper
D:3:      layout_basic, mainiacjoe_overflow_catwalk, grunt_temple_overflow_open,
          overflow_temple_1_default, gup_sewer_entry_bubbles,
          wander_ebering_terrifying_dragon_lair, uniq_natasha

Skill      XL: |  1  2  3  4  5 |
---------------+----------------+-----
Evocations     | 1 4 |  4.7
Unarmed Combat | 3 6 |  6.0
Shapeshifting  | 1 4 5 |  5.1
Fighting       | 5 |  5.0
Dodging        | 4 |  4.9

Action                     |  1- 3 |  4- 6 || total
---------------------------+-------+-------++-------
  Melee: Unarmed           |    83 |    55 ||   138
         Short sword       |       |   103 ||   103
    Use: Scroll            |     3 |     2 ||     5
         Potion            |     1 |     1 ||     2
 Armour: Robe              |    25 |    70 ||    95
  Dodge: Dodged            |    46 |    89 ||   135
